 Dungeon Sprint DCSS version 0.31-a0-1-g4198be8af4 (webtiles) character file.

Game seed: 15215287721269998892

15422 fozzywoppz the Imperceptible (level 12, -10/67 HPs)
             Began as a Spriggan Enchanter on May 2, 2023.
             Was a High Priest of Sif Muna.
             Mangled by Rupert
             ... wielding a +1 heavy great sword
              (19 damage)
             ... while paralysed by Rupert
             ... in the Dungeon (Sprint III: "The Ten Rune Challenge") on May 3, 2023.
             The game lasted 00:18:47 (2156 turns).

fozzywoppz the Imperceptible (Spriggan Enchanter)   Turns: 2156, Time: 00:18:48

Health: -10/67     AC:  5    Str:  6    XL:     12   Next: 1%
Magic:  8/20       EV:  4    Int: 17    God:    Sif Muna [*****.]
Gold:   3025       SH:  0    Dex: 18    Spells: 9/21 levels left

rFire   . . .        a - +1 dagger
rCold   . . .        (no shield)
rNeg    + . .        o - +2 robe {rN+}
rPois   .            p - +1 hat {Stlth+}
rElec   .            (no cloak)
rCorr   .            (gloves unavailable)
SInv    +            (boots unavailable)
Will    ++...        (no amulet)
Stlth   ++++++++++   (no ring)
HPRegen 0.31/turn    (no ring)
MPRegen 0.17/turn

%: no teleportation
@: paralysed, very quick
A: very small, no large weapons, unfitting armour, see invisible, speed 3,
MP-powered wands
a: Renounce Religion, Channel Magic, Forget Spell, Divine Exegesis


You were in the Dungeon.
You worshipped Sif Muna.
Sif Muna was extremely pleased with you.
You visited 1 branch You collected 3025 gold pieces.

Inventory:

Hand Weapons
 a - a +1 dagger (weapon)
Armour
 b - a +0 robe
 o - a +2 robe of positive energy (worn)
 p - a +1 hat of stealth (worn)
 r - an orb of energy
Wands
 h - a wand of mindburst (1)
Scrolls
 i - a scroll of blinking
 k - a scroll of identify
 n - a scroll of poison
Potions
 c - a potion of invisibility
 d - 2 potions of curing
 e - a potion of heal wounds
 f - 2 potions of haste
 g - 2 potions of magic
 l - 4 potions of flight
 m - 4 potions of mutation
 q - a potion of attraction {unknown}


   Skills:
 - Level 10.0 Fighting
 - Level 10.0 Short Blades
 - Level 5.0 Throwing
 + Level 21.6 Dodging
 + Level 23.7 Stealth
 - Level 5.0 Spellcasting
 - Level 10.0 Hexes
 - Level 2.0 Ice Magic
 - Level 10.0 Invocations
 - Level 5.0 Evocations


You had 9 spell levels left.
You knew the following spells:

 Your Spells              Type           Power      Damage    Failure   Level
a - Ensorcelled Hibernat  Hex/Ice        48%        N/A       1%          2
b - Confusing Touch       Hex            38%        N/A       1%          3
c - Tukima's Dance        Hex            38%        N/A       1%          3
d - Slow                  Hex            100%       N/A       1%          1
e - Summon Guardian Gole  Hex/Summ       21%        N/A       5%          3

Your spell library contained the following spells:

 Spells                   Type           Power      Damage    Failure   Level
 Dazzling Flash           Conj/Hex       42%        N/A       5%          3
 Portal Projectile        Hex/Tloc       42%        N/A       5%          3
 Sting                    Tmut/Pois      16%        1d3       14%         1
 Summon Small Mammal      Summ           16%        N/A       14%         1
 Cigotuvi's Dreadful Rot  Necr/Pois/Air  8%         N/A       22%         2
 Lesser Beckoning         Tloc           8%         N/A       22%         2
 Momentum Strike          Conj/Tloc      8%         3d8       22%         2
 Passwall                 Tmut/Erth      3%         N/A       22%         2
 Poisonous Vapours        Pois/Air       8%         N/A       22%         2
 Static Discharge         Conj/Air       8%         2-3/arc   22%         2
 Call Canine Familiar     Summ           4%         N/A       38%         3
 Gell's Gravitas          Tloc           4%         N/A       38%         3
 Swiftness                Air            4%         N/A       38%         3
 Volatile Blastmotes      Fire/Tloc      8%         2d10      38%         3
 Silence                  Hex/Air        10%        N/A       45%         5
 Yara's Violent Unravell  Hex/Tmut       10%        3d6       45%         5
 Ice Form                 Ice/Tmut       7%         N/A       67%         4
 Petrify                  Tmut/Erth      4%         N/A       80%         4
 Alistair's Intoxication  Tmut/Pois      2%         N/A       98%         5
 Irradiate                Conj/Tmut      2%         3d12      98%         5
 Plasma Beam              Fire/Air       2%         2x1d13    100%        6
 Malign Gateway           Summ/Tloc      2%         N/A       100%        7
 Disjunction              Tloc           2%         N/A       100%        8


Dungeon Overview and Level Annotations

Branches:
Dungeon (1/1)

Altars:
Cheibriados
Dithmenos
Elyvilon
Fedhas
Gozag
Hepliaklqana
Kikubaaqudgha
Makhleb
Nemelex Xobeh
Okawaru
Qazlal
Ru
Sif Muna
Trog
Uskayaw
Vehumet
Wu Jian
Xom
Yredelemnul
Zin
The Shining One
Jiyva
Lugonu

Shops:
D :

Annotations:
D Rupert


Innate Abilities, Weirdness & Mutations

You are very small and have problems with some larger weapons.
You are too small for most types of armour.
You have supernaturally acute eyesight. (SInv)
You cover ground extremely quickly. (Speed+++)
You expend magic power (3 MP) to strengthen your wands.


Message History

Aim: Rupert, wielding a +1 heavy great sword and wearing a +0 scale mail (heavily wounded, extremely poisoned, slow, chance to affect: 25%)
You feel a surge of power!
Rupert's mind is blasted!
Unknown command.
Aiming: Mindburst
Press: ? - help, Shift-Dir - straight line, f/p - Rupert
Aim: Rupert, wielding a +1 heavy great sword and wearing a +0 scale mail (severely wounded, extremely poisoned, slow, chance to affect: 25%)
You feel a surge of power!
Rupert resists with almost no effort.
Unknown command.
Casting: Alistair's Intoxication
Press: ? - help, Dir - look around, f - activate Look: Rupert, wielding a +1 heavy great sword and wearing a +0 scale mail (severely wounded, very poisoned, slow, chance to confuse: 57%)
You attempt to intoxicate your foes!
Rupert looks rather confused.
The world spins around you!
You hit Rupert.
Rupert is almost dead.
Unknown command.
Rupert seems less confused.
You hit Rupert.
Rupert is almost dead.
You hit Rupert.
Rupert is almost dead.
You barely miss Rupert.
Rupert is almost dead.
Rupert barely misses you.
You hit Rupert but do no damage.
Rupert is almost dead.
You hit Rupert.
Rupert is almost dead.
You hit Rupert but do no damage.
Rupert is almost dead.
The world stops spinning.
You hit Rupert but do no damage.
Rupert is almost dead.
Rupert roars wildly at you.
You suddenly lose the ability to move!
Rupert looks more energetic.
Rupert hits you with a +1 heavy great sword!!
* * * LOW HITPOINT WARNING * * *
Rupert hits you with a +1 heavy great sword!!
You die...

##..###....#.⌠[#__#...#)#########
#...##.....#...#__#...#)...#)#)#)
....#......#'###__#...##.#.)#.##.
..##.#.....#..[#__#...'##.#.#.##.
..#####....#___#__'...#...#..#..#
▓▓▓▓▓▓▓▓▓▓▓▓▓▓▓▓▓▓▓▓▓▓▓▓▓▓▓▓▓▓▓▓▓
~~§§.~~≈♣♣.....♣♣♣♣~~~........~~~
~.~§§~~~♣♣.≈≈≈≈@♣♣'♣≈≈≈≈≈≈≈≈≈≈≈≈♣
~~≈§~§~.~(.....#@~♣♣♣♣♣♣♣♣♣♣♣♣♣♣♣
.~~§≈.~≈♣♣♣♣♣♣♣#..♣♣ ~~§§..~~♣
###'♣♣♣♣♣ ##'#######♣ ♣♣♣♣.##..##
.....((..(♣ ♣...##.##.#
##########+ ♣♣.##÷##†##+ Y
♣..#.##...# ~.. ♣♣.##.##.)# ~~FF
♣♣.##.#####


You could see Rupert (very poisoned).

Vanquished Creatures
  Gastronok (D)
  Harold (D)
  4 azure jellies (D)
  A dire elephant (D)
  Erolcha (D)
  Urug (D)
  A lindwurm (D)
  Joseph (D)
  A deep elf pyromancer (D)
  2 elephants (D)
  A rime drake (D)
  2 cane toads (D)
  A komodo dragon (D)
  2 tyrant leeches (D)
  3 wandering mushrooms (D)
  5 blink frogs (D)
  A shadow (D)
  5 redbacks (D)
  A spatial vortex (D)
  A swamp drake (D)
  3 orc warriors (D)
  5 two-headed ogres (D)
  A necrophage (D)
  A scorpion (D)
  A water elemental (D)
  2 orc priests (D)
  A jelly (D)
  4 orc wizards (D)
  A wizard (D)
  A necromancer (D)
  3 humans (D)
  A kobold demonologist (D)
  8 orcs (D)
  An endoplasm (D)
  3 rats (D)
72 creatures vanquished.

Vanquished Creatures (others)
  An orc (D)
  12 plants (D)
13 creatures vanquished.

Grand Total: 85 creatures vanquished

Notes
Turn   | Place    | Note
-------+----------+-------------------------------------------
     0 | D        | fozzywoppz the Spriggan Enchanter began the quest for the
                  | Orb.
     0 | D        | Reached XP level 1. HP: 9/9 MP: 5/5
    39 | D        | Noticed a scorpion
    42 | D        | Killed a scorpion
    43 | D        | Reached skill level 5 in Dodging
    43 | D        | Reached skill level 6 in Stealth
    43 | D        | Reached skill level 5 in Hexes
    43 | D        | Reached XP level 2. HP: 13/13 MP: 5/8
    43 | D        | Reached XP level 3. HP: 16/16 MP: 6/10
    75 | D        | Learned a level 2 spell: Ensorcelled Hibernation
    79 | D        | Reached skill level 7 in Stealth
    79 | D        | Reached skill level 5 in Spellcasting
    79 | D        | Reached XP level 4. HP: 21/21 MP: 3/12
    94 | D        | Learned a level 3 spell: Confusing Touch
   109 | D        | Gained mutation: You expend magic power (3 MP) to
                  | strengthen your wands. [potion of mutation]
   158 | D        | Noticed a water elemental
   174 | D        | Killed a water elemental
   175 | D        | Reached skill level 5 in Short Blades
   175 | D        | Reached skill level 8 in Stealth
   220 | D        | Found a radiant altar of Vehumet.
   220 | D        | Found a shimmering blue altar of Sif Muna.
   220 | D        | Found an ancient bone altar of Kikubaaqudgha.
   220 | D        | Noticed a wizard
   243 | D        | Reached skill level 9 in Stealth
   243 | D        | Reached XP level 5. HP: 13/24 MP: 9/13
   314 | D        | Found a glowing silver altar of Zin.
   314 | D        | Found a glowing golden altar of the Shining One.
   314 | D        | Found a white marble altar of Elyvilon.
   315 | D        | Noticed a deep elf pyromancer
   317 | D        | Killed a deep elf pyromancer
   318 | D        | Reached skill level 13 in Stealth
   318 | D        | Reached XP level 6. HP: 28/28 MP: 14/14
   318 | D        | Reached XP level 7. HP: 32/32 MP: 15/15
   324 | D        | Found a hide-covered altar of Uskayaw.
   324 | D        | Found an iron altar of Okawaru.
   324 | D        | Found a bloodstained altar of Trog.
   324 | D        | Found an ornate altar of the Wu Jian Council.
   324 | D        | Noticed a human
   325 | D        | Noticed a human
   467 | D        | Killed a human
   468 | D        | Reached skill level 14 in Stealth
   473 | D        | Killed a human
   474 | D        | Reached skill level 10 in Short Blades
   474 | D        | Reached skill level 15 in Stealth
   563 | D        | Became a worshipper of Sif Muna the Loreminder
   577 | D        | Noticed a shadow
   594 | D        | Killed a shadow
   595 | D        | Reached XP level 8. HP: 30/36 MP: 7/16
   654 | D        | Found a basalt altar of Yredelemnul.
   654 | D        | Found a shadowy altar of Dithmenos.
   654 | D        | Found a sacrificial altar of Ru.
   664 | D        | Reached * piety under Sif Muna
   724 | D        | Found a blossoming altar of Fedhas.
   724 | D        | Found a stormy altar of Qazlal.
   725 | D        | Found a snail-covered altar of Cheibriados.
   725 | D        | Found a burning altar of Makhleb.
   725 | D        | Found a hazy altar of Hepliaklqana.
   725 | D        | Found a shimmering altar of Xom.
   725 | D        | Found an opulent altar of Gozag.
   725 | D        | Found a sparkling altar of Nemelex Xobeh.
   725 | D        | Found a corrupted altar of Lugonu.
   725 | D        | Found a viscous altar of Jiyva.
   730 | D        | Reached skill level 15 in Dodging
   730 | D        | Reached skill level 1 in Evocations
   743 | D        | Reached ** piety under Sif Muna
   744 | D        | Reached skill level 1 in Fighting
   744 | D        | Reached skill level 1 in Ice Magic
   744 | D        | Reached skill level 1 in Invocations
   753 | D        | Noticed a two-headed ogre
   756 | D        | Killed a two-headed ogre
   757 | D        | Reached skill level 5 in Evocations
   764 | D        | Learned a level 3 spell: Tukima's Dance
   764 | D        | Noticed a two-headed ogre
   764 | D        | Noticed Erolcha
   766 | D        | Killed Erolcha
   767 | D        | Reached skill level 5 in Invocations
   767 | D        | Reached XP level 9. HP: 46/46 MP: 17/17
   767 | D        | Killed a two-headed ogre
   767 | D        | Reached *** piety under Sif Muna
   768 | D        | Reached skill level 5 in Fighting
   768 | D        | Reached skill level 16 in Stealth
   808 | D        | Noticed a wandering mushroom
   837 | D        | Found Dunwurcha's Book Emporium.
   850 | D        | Reached **** piety under Sif Muna
   862 | D        | Reached ***** piety under Sif Muna
   872 | D        | Reached skill level 17 in Stealth
   876 | D        | Received a gift from Sif Muna
   877 | D        | Got Sif Muna's Book of the Curse {god gift}
   931 | D        | Noticed a deep elf zephyrmancer
   931 | D        | Noticed a deep elf zephyrmancer
   931 | D        | Noticed a deep elf zephyrmancer
   931 | D        | Noticed a deep elf pyromancer
   931 | D        | Noticed a deep elf knight
   998 | D        | Noticed a wandering mushroom
  1000 | D        | Noticed a wandering mushroom
  1002 | D        | Killed a wandering mushroom
  1005 | D        | Learned a level 1 spell: Slow
  1014 | D        | Killed a wandering mushroom
  1014 | D        | Received a gift from Sif Muna
  1015 | D        | Got Sif Muna's Atlas of Haze and Shapes {god gift}
  1023 | D        | Killed a wandering mushroom
  1024 | D        | Reached XP level 10. HP: 53/53 MP: 12/18
  1028 | D        | Noticed a cane toad
  1028 | D        | Noticed a cane toad
  1036 | D        | Killed a cane toad
  1051 | D        | Reached skill level 18 in Stealth
  1055 | D        | Killed a cane toad
  1175 | D        | Received a gift from Sif Muna
  1176 | D        | Got Sif Muna's Anthology of Transfiguration and the Coward
                  | {god gift}
  1184 | D        | Reached skill level 19 in Stealth
  1319 | D        | Noticed an elephant
  1320 | D        | Noticed an elephant
  1320 | D        | Noticed a dire elephant
  1320 | D        | Noticed a dire elephant
  1320 | D        | Noticed Gastronok
  1445 | D        | Noticed a lindwurm
  1448 | D        | Killed a lindwurm
  1461 | D        | Noticed Urug
  1463 | D        | Killed Urug
  1463 | D        | Received a gift from Sif Muna
  1464 | D        | Reached skill level 20 in Stealth
  1464 | D        | Reached skill level 10 in Invocations
  1464 | D        | Reached XP level 11. HP: 51/60 MP: 13/19
  1464 | D        | Got Nearheh's Atlas of Invitation and Position {god gift}
  1508 | D        | Noticed Joseph
  1509 | D        | Noticed Harold
  1512 | D        | Killed Harold
  1514 | D        | Killed Joseph
  1576 | D        | Reached skill level 1 in Throwing
  1772 | D        | Learned a level 3 spell: Summon Guardian Golem
  2001 | D        | Killed Gastronok
  2002 | D        | Reached skill level 21 in Stealth
  2048 | D        | Killed a dire elephant
  2048 | D        | Received a gift from Sif Muna
  2049 | D        | Reached skill level 10 in Hexes
  2049 | D        | Got Sif Muna's Elucidation of Putridity and Locality {god
                  | gift}
  2072 | D        | Noticed an azure jelly
  2072 | D        | Noticed an azure jelly
  2072 | D        | Noticed an azure jelly
  2077 | D        | Noticed an azure jelly
  2083 | D        | Killed an azure jelly
  2084 | D        | Reached skill level 10 in Fighting
  2084 | D        | Reached skill level 5 in Throwing
  2084 | D        | Killed an azure jelly
  2085 | D        | Reached skill level 22 in Stealth
  2085 | D        | Noticed a death yak
  2086 | D        | Killed an azure jelly
  2087 | D        | Reached skill level 23 in Stealth
  2087 | D        | Killed an azure jelly
  2088 | D        | Reached XP level 12. HP: 67/67 MP: 20/20
  2094 | D        | Noticed Rupert
  2153 | D        | Paralysed by Rupert for 3 turns
  2156 | D        | Mangled by Rupert

Illustrated notes

Levels and vault maps discovered:
D:        dungeon_sprint_mu [sprint_mu_entry_cave, sprint_mu_temple_rooms,
          sprint_mu_d1_spiders, sprint_mu_d2_genie, sprint_mu_d3_branching,
          sprint_mu_orc_legion, sprint_mu_elf_gauntlet, sprint_mu_hive_nellie,
          sprint_mu_lair_fedhas, sprint_mu_vaults_butterflies,
          sprint_mu_slime_circle, sprint_mu_shoals_kraken,
          sprint_mu_snake_twists, sprint_mu_blade_basic,
          sprint_mu_crypt_fortress, sprint_mu_tomb_spiral,
          sprint_mu_vestibule_basic, sprint_mu_gehenna_hellfire,
          sprint_mu_dis_giant, sprint_mu_tartarus_statrot,
          sprint_mu_cocytus_islands, sprint_mu_zot1]

Skill      XL: |  1  2  3  4  5  6  7  8  9 10 11 |
---------------+----------------------------------+-----
Dodging        | 5 7 11 13 15 16 18 21 | 21.6
Spellcasting   | 4 5 |  5.0
Hexes          | 5 6 7 10 | 10.0
Short Blades   | 3 4 5 9 10 | 10.0
Stealth        | 6 7 9 13 15 17 20 23 | 23.7
Evocations     | 5 |  5.0
Fighting       | 4 6 8 10 | 10.0
Ice Magic      | 2 |  2.0
Invocations    | 5 7 10 | 10.0
Throwing       | 5 |  5.0

Action                     |  1- 3 |  4- 6 |  7- 9 | 10-12 || total
---------------------------+-------+-------+-------+-------++-------
  Melee: Dagger            |     8 |    35 |    83 |   153 ||   279
         Punch             |       |     1 |       |     2 ||     3
         Unarmed           |       |       |       |     2 ||     2
  Throw: Dart              |       |       |       |     9 ||     9
   Cast: Ensorcelled Hiber |     1 |     1 |    11 |     5 ||    18
         Confusing Touch   |       |     2 |     5 |    17 ||    24
         Ice Form          |       |       |       |     1 ||     1
         Plasma Beam       |       |       |       |     1 ||     1
         Summon Guardian G |       |       |       |     2 ||     2
         Alistair's Intoxi |       |       |       |     1 ||     1
 Invoke: Divine Exegesis   |       |       |       |     3 ||     3
  Evoke: Wand              |       |       |       |     7 ||     7
    Use: Potion            |       |     2 |     2 |       ||     4
         Scroll            |       |       |     3 |       ||     3
   Stab: Sleeping          |     4 |     2 |    13 |    15 ||    34
         Confused          |       |     1 |     6 |    17 ||    24
         Invisible         |       |       |    15 |       ||    15
         Distracted        |       |       |       |     1 ||     1
 Armour: Skin              |       |       |       |     2 ||     2
         Robe              |       |       |       |     3 ||     3
  Dodge: Dodged            |     5 |    17 |    35 |    97 ||   154

Table legend: (Time is in decaauts)
 A = Elapsed time spent in this place.
 B = Non-inter-level travel time spent in this place.
 C = Inter-level travel time spent in this place.
 D = Time resting spent in this place.
 E = Time spent auto-exploring this place.
 F = Levels seen in this place.
 G = Mean time per level.
                   A        B        C        D        E       F      G
               +--------+--------+--------+--------+--------+-----+--------+
         Total |   1782 |   1782 |      0 |    940 |      6 |   1 | 1782.0 |
       Dungeon |   1782 |   1782 |      0 |    940 |      6 |   1 | 1782.0 |
               +--------+--------+--------+--------+--------+-----+--------+

Top non-repeatable levels by time:
       D: 1782 daAuts
